 Dungeon Crawl Stone Soup version 0.23-a0-78-gc252fe1 (webtiles) character file.

305 Lorak the Skirmisher (level 6, -16/47 HPs)
             Began as a Mummy Gladiator on Aug 10, 2018.
             Demolished by an ogre
             ... wielding a +0 giant club
              (25 damage)
             ... on level 4 of the Dungeon.
             The game lasted 00:19:35 (5112 turns).

Lorak the Skirmisher (Mummy Gladiator)              Turns: 5112, Time: 00:19:36

Health: -16/47     AC: 11    Str: 19    XL:     6   Next: 15%
Magic:  7/7        EV:  7    Int:  7    God:
Gold:   141        SH:  0    Dex: 14    Spells: 7/7 levels left

rFire    x . .     SeeInvis .     - Unarmed
rCold    + . .     Gourm    .   (no shield)
rNeg     + + +     Faith    .   l - +0 plate armour
rPois    ∞         Spirit   .   b - +0 helmet
rElec    .         Reflect  .   (no cloak)
rCorr    +         Harm     .   (no gloves)
MR       .....                  (no boots)
Stlth    ..........             (no amulet)
HPRegen  0.15/turn              f - ring of resist corrosion
MPRegen  0.10/turn              (no ring)

@: no status effects
A: no food or potions, fire vulnerability, cold resistance 1, negative energy
resistance 3, torment resistance, unbreathing
a: no special abilities


You were on level 4 of the Dungeon.
You were not hungry.

You visited 1 branch of the dungeon, and saw 4 of its levels.

You collected 141 gold pieces.

Inventory:

Hand Weapons
 g - a +0 mace
 i - a +0 flail
Missiles
 c - a throwing net (quivered)
Armour
 b - a +0 helmet (worn)
 l - a +0 plate armour (worn)
Jewellery
 f - a ring of resist corrosion (left hand)
Wands
 a - a wand of polymorph (10)
Scrolls
 d - 3 scrolls of noise
 e - 6 scrolls of identify
 h - a scroll of magic mapping


   Skills:
 + Level 3.4 Fighting
 + Level 2.8 Throwing
 * Level 1.8 Armour
 + Level 3.3 Dodging
 + Level 3.0 Unarmed Combat
 + Level 1.2 Spellcasting


You had 7 spell levels left.
You didn't know any spells.
Your spell library was empty.

Dungeon Overview and Level Annotations

Branches:
Dungeon (4/15)             Temple (0/1) D:4

Altars:
Ashenzari
Uskayaw

Annotations:
D:4 Dowan, Duvessa, Edmund


Innate Abilities, Weirdness & Mutations

You do not eat or drink.
Your flesh is vulnerable to fire.
You are immune to poison.
Your flesh is cold resistant. (rC+)
You are immune to negative energy. (rN+++)
You are immune to unholy pain and torment.
You can survive without breathing.


Message History

The ogre closely misses you.
You hit the ogre but do no damage.
The ogre is almost dead.
You hit the ogre.
The ogre is almost dead.
The ogre hits you with a giant club.
You closely miss the ogre.
The ogre is almost dead.
The ogre hits you with a giant club!
* * * LOW HITPOINT WARNING * * *
You hit the ogre but do no damage.
The ogre is almost dead.
The ogre closely misses you.
You hit the ogre but do no damage.
The ogre is almost dead.
You hit the ogre but do no damage.
The ogre is almost dead.
The ogre hits you with a giant club!!
Ouch! That really hurt!
You die...

#.#####.#.......#.# #.# #.#
#.......###.#####O# #.# #O#
##.###### #.# #.#.# #.###.#
#.# #.###.#.# #.#...# ##.#
#.#...#.# #.#.###
###..########.#.#.#.###.#.#
#.....#.......#.#.#.....#.#
.#.....#.......#.#.#######O#
.##...##.....#.#@.)# #.#
..#...#......#.#O..# #.#
..##.##......#.#...#######.#
...#.#....####.#...........#
.#####.###.......##########
###...###...O.)##.#
..#._.#.......###.#
###...###....## #.#
#.####'.###..# #.#


You could see an ogre.

Vanquished Creatures
  A scorpion (D:4)
  A hound (D:3)
  A bullfrog skeleton (D:4)
  Terence (D:2)
  A worker ant (D:4)
  5 adders
  4 gnolls
  A worm (D:4)
  2 dart slugs
  4 leopard geckos
  An orc (D:4)
  3 giant cockroaches
  9 goblins
  2 hobgoblins (D:1)
  A quokka (D:2)
  A ball python (D:1)
  5 bats
  8 frilled lizards
  6 kobolds
  5 rats
62 creatures vanquished.

Notes
Turn   | Place    | Note
-------+----------+-------------------------------------------
     0 | D:1      | Lorak the Mummy Gladiator began the quest for the Orb.
     0 | D:1      | Reached XP level 1. HP: 16/16 MP: 1/1
   245 | D:1      | Reached XP level 2. HP: 7/22 MP: 2/2
  1342 | D:1      | Reached XP level 3. HP: 6/28 MP: 3/3
  2050 | D:2      | Reached XP level 4. HP: 22/34 MP: 4/4
  2756 | D:3      | Noticed Terence
  2788 | D:2      | Killed Terence
  2879 | D:3      | Found a hide-covered altar of Uskayaw.
  2916 | D:3      | Reached XP level 5. HP: 41/41 MP: 5/5
  3014 | D:3      | Reached skill level 1 in Armour
  4048 | D:4      | Found a shattered altar of Ashenzari.
  4462 | D:4      | Reached skill level 1 in Spellcasting
  4462 | D:4      | Reached XP level 6. HP: 28/47 MP: 7/7
  4590 | D:4      | Found a staircase to the Ecumenical Temple.
  4749 | D:4      | Noticed Edmund
  5029 | D:4      | Noticed Duvessa
  5029 | D:4      | Noticed Dowan
  5112 | D:4      | Demolished by an ogre

Vault maps used:
D:1:      lightli_arrival_noodles
D:2:      first_ration
D:3:      eat_drink_and_be_merry_uskayaw, uniq_terence
D:4:      cheibrodos_old_hovel, nicolae_ashenzari_panopticon,
          minmay_temple_entry_junction_2, uniq_edmund, uniq_duvessa

Skill      XL: |  1  2  3  4  5 |
---------------+----------------+-----
Throwing       | 2 |  2.8
Dodging        | 3 |  3.3
Fighting       | 3 |  3.4
Armour         | 1 |  1.8
Unarmed Combat | 3 |  3.0
Spellcasting   | 1 |  1.2

Action                   |  1- 3 |  4- 6 || total
-------------------------+-------+-------++-------
Melee: Unarmed           |   160 |   256 ||   416
       Punch             |     1 |     1 ||     2
Throw: Throwing net      |     6 |       ||     6
  Use: Scroll            |       |     6 ||     6
 Stab: Held in net/web   |     3 |       ||     3
Armor: Leather armour    |    38 |     2 ||    40
       Plate armour      |       |   110 ||   110
       Ring mail         |       |    16 ||    16
Dodge: Dodged            |    96 |   100 ||   196

Table legend:
 A = Non-vault XP
 B = Vault XP
 C = Vault XP percentage of total XP
 D = Non-vault monster count
 E = Vault monster count
 F = Vault count percentage of total count
 G = Total turns spent on level
                 A         B        C        D         E       F
            +---------+---------+-------+---------+---------+-------
      Total |     396 |      40 |   9.2 |      60 |       2 |   3.2
            +---------+---------+-------+---------+---------+-------
        D:1 |      72 |       0 |   0.0 |      20 |       0 |   0.0
        D:2 |      60 |      38 |  38.8 |      21 |       1 |   4.5
        D:3 |      98 |       0 |   0.0 |      12 |       0 |   0.0
        D:4 |     166 |       2 |   1.2 |       7 |       1 |  12.5
            +---------+---------+-------+---------+---------+-------
